Map: Frostline LE

Players

iPlayDefense

  • Race: Terran Terran
  • League: Silver
  • Spawn Location: 1:00

cloud - Winner!

  • Race: Protoss Protoss
  • League: Silver
  • Spawn Location: 7:00

VOD

Have the link to the VOD?

Description

Time

  • Played on: April 17, 2025, 3:54 p.m.
  • Length: 26:19
Show
View Real Time Build Order
Export as new Build Order

iPlayDefense Terran 

Build Orders:  

Get SALT Encoding   

  12  0:00  SCV  
  13  0:16  Supply Depot  
  13  0:18  SCV  
  14  0:25  Refinery  
  14  0:39  Barracks  
  14  0:43  SCV  
  15  0:55  SCV  
  16  1:07  SCV  
  17  1:16  Supply Depot  
  17  1:19  SCV  
  18  1:28  Barracks Reactor  
  18  1:31  SCV  
  19  1:49  Barracks  
  19  1:50  Barracks  
  19  1:53  Refinery  
  20  2:05  Marine x2  
  21  2:22  Marine  
  21  2:23  Marine  
  21  2:26  Factory  
  21  2:28  SCV  
  24  2:38  Barracks Tech Lab x2  
  24  2:40  SCV  
  25  2:49  Supply Depot  
  25  3:08  Combat Shield  
  25  3:10  Stimpack  
  25  3:12  Marine  
  25  3:13  Marine x2  
  25  3:18  Factory Tech Lab  
  28  3:30  Supply Depot  
  28  3:40  Siege Tank  
  31  3:48  SCV  
  32  4:00  SCV  
  33  4:12  SCV, Marine x4  
  38  4:25  Siege Tank  
  38  4:29  Marine  
  38  4:30  Marine  
  43  4:52  Command Center  
  43  5:21  Orbital Command  
  41  5:22  Marine  
  41  5:23  Marine x3  
  38  5:30  Supply Depot  
  37  5:40  Marine x4  
  41  6:07  Orbital Command  
  41  6:10  SCV  
  42  6:22  SCV, Starport  
  43  6:27  Barracks  
  43  6:29  Barracks  
  43  6:34  SCV  
  43  6:35  SCV  
  45  6:46  Supply Depot, SCV  
  46  6:47  SCV  
  47  6:56  Siege Tank  
  47  6:58  SCV  
  47  6:59  SCV  
  52  7:10  Supply Depot, SCV  
  52  7:12  SCV  
  52  7:15  Refinery  
  54  7:16  Barracks Reactor  
  54  7:17  Barracks Reactor  
  54  7:18  Starport Reactor  
  54  7:21  Refinery  
  54  7:22  SCV  
  55  7:24  SCV  
  55  7:28  Siege Tank  
  59  7:32  Supply Depot  
  59  7:34  SCV  
  59  7:36  SCV  
  61  7:44  Marine x4  
  61  7:46  SCV  
  61  7:48  SCV  
  67  7:55  Medivac  
  67  7:56  Supply Depot  
  71  7:59  SCV  
  71  8:00  SCV  
  71  8:01  Marine  
  71  8:02  Marine x3  
  77  8:15  Cyclone  
  77  8:19  Supply Depot  
  78  8:21  Medivac  
  80  8:28  Marine x4  
  80  8:29  Marine x4  
  88  8:39  SCV  
  89  8:42  Supply Depot  
  89  8:46  Marine x2  
  89  8:47  Cyclone  
  94  8:51  SCV  
  94  8:53  Engineering Bay  
  83  9:03  SCV  
  83  9:06  Supply Depot, Medivac x2  
  84  9:19  Cyclone  
  71  9:32  Supply Depot  
  69  9:52  Cyclone  
  66  9:55  Supply Depot  
  57  10:12  SCV x2  
  59  10:24  SCV x2  
  61  10:36  SCV x2  
  63  10:48  SCV x2  
  65  11:00  SCV x2  
  67  11:39  SCV x2  
  61  11:41  Marine x7  
  61  11:42  Marine  
  68  11:51  SCV x2  
  67  11:59  Marine x8  
  73  12:03  SCV x2  
  68  12:15  SCV x2  
  70  12:16  Marine  
  70  12:17  Marine x7  
  78  12:27  SCV x2  
  78  12:28  Cyclone  
  79  12:32  Medivac  
  79  12:34  Marine  
  79  12:35  Marine x4  
  76  13:00  Cyclone, Missile Turret x2  
  79  13:06  Supply Depot  
  79  13:09  Supply Depot x2  
  79  13:11  Supply Depot  
  79  13:12  Supply Depot  
  79  13:14  Supply Depot  
  79  13:24  Supply Depot  
  79  13:32  Cyclone  
  82  13:53  Command Center  
  82  14:04  Cyclone  
  85  14:10  Supply Depot, Terran Infantry Weapons Level 1  
  85  14:16  Concussive Shells, Armory  
  85  14:22  Marauder x2  
  89  14:36  Siege Tank  
  92  14:43  Marauder  
  92  14:44  Marauder  
  96  15:00  SCV x2  
  98  15:08  Siege Tank  
  98  15:12  SCV x2  
  103  15:17  Terran Vehicle Weapons Level 1  
  103  15:22  Orbital Command  
  103  15:24  SCV x2  
  105  15:35  Medivac  
  107  15:40  Thor  
  113  15:42  Refinery  
  113  15:51  Missile Turret  
  113  15:56  Marauder x2  
  117  16:04  Terran Infantry Armor Level 1  
  117  16:08  Refinery  
  117  16:09  SCV x3  
  117  16:11  Missile Turret  
  120  16:13  Marine x5  
  120  16:17  Marauder  
  120  16:18  Marauder  
  131  16:21  SCV x2, Viking  
  131  16:22  SCV, Viking  
  131  16:23  Thor  
  142  16:38  Marauder  
  144  17:06  Thor  
  150  17:11  Terran Vehicle And Ship Armor Level 1  
  150  17:54  SCV x3  
  150  17:56  Starport Reactor  
  153  17:58  Marine x3  
  153  17:59  Hi-Sec Auto Tracking, Marine x3  
  153  18:00  Marauder x2  
  153  18:02  Siege Tank  
  166  18:06  SCV x3  
  169  18:21  Marauder  
  169  18:22  Marauder  
  165  18:34  Siege Tank  
  162  18:44  Viking  
  162  18:45  Viking  
  166  18:55  Neosteel Armor  
  155  19:05  Terran Vehicle Weapons Level 2  
  155  19:07  Siege Tank  
  148  19:14  Viking  
  148  19:15  Viking  
  121  19:39  Siege Tank  
  121  19:44  Viking  
  121  19:45  Viking  
  128  20:00  Factory  
  128  20:02  Factory  
  128  20:03  SCV x3  
  131  20:11  Siege Tank  
  134  20:14  Viking x2  
  134  20:15  SCV x3  
  141  20:27  SCV  
  141  20:28  SCV x2  
  144  20:35  Terran Infantry Weapons Level 2  
  144  20:39  SCV  
  144  20:40  SCV x2  
  147  20:43  Thor  
  147  20:44  Factory Tech Lab  
  153  20:51  SCV  
  153  20:52  SCV x2  
  156  21:01  Factory Tech Lab  
  156  21:16  SCV  
  156  21:17  SCV x2  
  159  21:21  Terran Ship Weapons Level 1  
  152  21:25  Thor  
  152  21:29  SCV x2  
  152  21:31  SCV  
  155  21:41  SCV x2  
  155  21:43  SCV  
  158  21:51  Thor  
  158  21:52  Thor  
  158  21:53  SCV x2  
  172  21:55  SCV  
  173  22:05  SCV x2, Starport  
  173  22:08  SCV, Thor  
  176  22:10  Starport  
  182  22:17  SCV x2  
  182  22:20  SCV  
  185  22:34  Thor  
  185  22:35  Thor  
Show
View Real Time Build Order
Export as new Build Order

cloud Protoss - Winner!

Build Orders:  

Get SALT Encoding   

  12  0:00  Probe  
  13  0:08  Probe  
  14  0:19  Probe  
  14  0:20  Pylon  
  15  0:31  Assimilator  
  15  0:38  Probe  
  16  0:48  Gateway  
  16  0:58  Gateway  
  16  1:00  Probe  
  17  1:12  Probe  
  17  1:16  Pylon  
  18  1:23  Probe  
  19  1:31  Probe  
  19  1:39  Probe  
  20  1:42  Assimilator  
  21  1:49  Cybernetics Core  
  21  1:50  Probe  
  22  2:01  Zealot  
  22  2:02  Zealot, Probe  
  27  2:14  Probe  
  28  2:25  Pylon  
  28  2:32  Stalker  
  28  2:34  Warp Gate  
  30  2:40  Stalker  
  32  2:51  Robotics Facility  
  32  2:55  Shield Battery  
  32  3:08  Forge  
  32  3:18  Gateway  
  32  3:20  Sentry  
  32  3:22  Sentry  
  32  3:23  Pylon  
  36  3:42  Immortal  
  40  4:00  Nexus  
  40  4:20  Photon Cannon  
  40  4:22  Photon Cannon  
  40  4:25  Zealot  
  42  4:38  Twilight Council  
  42  4:44  Observer  
  43  4:59  Sentry  
  45  5:00  Zealot  
  47  5:16  Pylon  
  47  5:19  Pylon  
  43  5:22  Pylon  
  37  5:29  Photon Cannon  
  37  5:32  Photon Cannon  
  29  5:36  Zealot  
  29  5:40  Charge  
  31  5:52  Probe  
  32  6:00  Probe  
  33  6:08  Zealot, Probe  
  35  6:15  Zealot  
  35  6:16  Zealot, Probe  
  40  6:25  Probe  
  42  6:34  Probe  
  43  6:41  Dark Shrine  
  43  6:44  Forge  
  43  6:46  Probe  
  44  6:51  Probe  
  44  6:53  Photon Cannon  
  45  6:56  Zealot  
  45  6:58  Probe  
  45  6:59  Zealot  
  50  7:03  Probe  
  50  7:04  Zealot  
  53  7:24  Gateway x2  
  53  7:27  Pylon  
  53  7:30  Probe  
  53  7:31  Pylon  
  53  7:35  Zealot  
  56  7:38  Zealot  
  56  7:42  Zealot, Probe  
  61  7:46  Protoss Ground Armor Level 1  
  61  7:49  Protoss Ground Weapons Level 1  
  61  7:53  Shadow Stride  
  61  7:54  Probe  
  62  8:00  Dark Templar  
  62  8:03  Dark Templar  
  66  8:07  Zealot  
  66  8:10  Probe  
  69  8:22  Probe  
  69  8:24  Assimilator  
  69  8:26  Assimilator  
  70  8:34  Stargate  
  70  8:35  Probe  
  71  8:47  Probe  
  72  8:50  Photon Cannon  
  62  8:56  Photon Cannon  
  62  8:58  Photon Cannon  
  62  8:59  Probe  
  47  9:12  Probe  
  48  9:31  Photon Cannon  
  48  9:34  Pylon  
  48  9:38  Pylon  
  46  9:53  Zealot  
  46  9:54  Zealot  
  46  9:55  Zealot  
  46  9:56  Zealot  
  46  9:58  Zealot  
  54  10:28  Fleet Beacon  
  54  10:30  Pylon  
  54  10:32  Pylon  
  54  10:35  Stargate  
  54  10:38  Stargate  
  54  10:41  Stargate  
  54  10:42  Photon Cannon  
  54  10:44  Stargate  
  54  10:45  Stargate, Photon Cannon  
  54  11:05  Nexus  
  54  11:06  Photon Cannon  
  53  11:12  Photon Cannon  
  53  11:13  Photon Cannon  
  53  11:14  Photon Cannon  
  52  11:25  Dark Templar  
  54  11:26  Dark Templar  
  54  11:27  Dark Templar  
  40  12:08  Zealot  
  40  12:10  Zealot  
  40  12:11  Zealot  
  40  12:12  Zealot  
  40  12:14  Zealot  
  50  12:16  Tempest x3  
  62  12:33  Dark Templar  
  62  12:34  Dark Templar  
  62  12:35  Dark Templar  
  62  12:50  Probe  
  63  13:02  Probe  
  64  13:07  Nexus  
  64  13:11  Assimilator  
  64  13:15  Assimilator  
  64  13:17  Pylon  
  64  13:19  Pylon  
  64  13:20  Pylon  
  64  13:21  Photon Cannon  
  64  13:22  Pylon  
  64  13:30  Tempest  
  69  13:41  Probe  
  69  13:47  Probe  
  70  13:53  Probe  
  71  13:59  Probe  
  71  14:00  Shield Battery  
  71  14:02  Shield Battery  
  72  14:05  Probe  
  72  14:09  Photon Cannon  
  73  14:11  Probe  
  73  14:16  Probe, Photon Cannon  
  74  14:17  Probe  
  76  14:24  Probe  
  76  14:29  Probe, Protoss Ground Weapons Level 2  
  78  14:32  Protoss Ground Armor Level 2  
  78  14:48  Photon Cannon  
  78  14:49  Photon Cannon  
  78  14:54  Photon Cannon  
  78  15:00  Probe  
  78  15:02  Photon Cannon  
  79  15:11  Tempest  
  79  15:13  Probe  
  84  15:34  Zealot  
  86  15:35  Zealot  
  86  15:36  Zealot  
  86  15:38  Zealot  
  86  15:40  Zealot  
  94  15:44  Protoss Air Weapons Level 1  
  94  16:05  Nexus  
  94  16:07  Probe  
  94  16:09  Assimilator  
  94  16:10  Probe  
  96  16:13  Assimilator  
  96  16:18  Probe  
  96  16:19  Probe  
  96  16:22  Pylon  
  98  16:31  Probe  
  99  16:43  Probe, Pylon  
  99  16:46  Pylon  
  100  16:50  Pylon  
  100  16:53  Zealot, Protoss Shields Level 1  
  102  16:54  Zealot  
  102  16:55  Zealot  
  102  16:56  Zealot  
  102  16:57  Zealot  
  110  17:01  Tempest  
  110  17:08  Observer  
  115  17:17  Probe  
  116  17:26  Observer  
  118  17:30  Protoss Ground Weapons Level 3, Probe  
  118  17:41  Tempest x2  
  118  17:42  Probe  
  127  17:46  Zealot  
  127  17:47  Zealot  
  127  17:49  Zealot  
  127  17:50  Zealot  
  135  17:52  Zealot, Protoss Air Armor Level 1  
  103  18:44  Probe  
  104  18:55  Protoss Ground Armor Level 3, Photon Cannon  
  104  18:56  Probe, Photon Cannon  
  104  18:57  Photon Cannon  
  104  18:59  Photon Cannon  
  105  19:04  Photon Cannon  
  105  19:06  Photon Cannon  
  105  19:11  Photon Cannon  
  105  19:14  Pylon  
  105  19:16  Pylon  
  105  19:19  Pylon  
  66  19:46  Tempest x2  
  66  19:47  Tempest x4  
  66  19:52  Dark Templar  
  92  19:53  Zealot  
  92  19:55  Zealot  
  92  19:57  Zealot  
  98  20:00  Zealot  
  100  20:17  Gateway x2  
  100  20:19  Gateway  
  100  20:25  Photon Cannon  
  100  20:27  Photon Cannon x2  
  100  20:29  Tempest x4  
  100  20:30  Tempest x2  
  124  20:37  Zealot  
  124  20:40  Zealot  
  128  21:12  Tempest x5  
  128  21:15  Protoss Shields Level 2  
  136  21:36  Protoss Air Armor Level 2  
  136  21:41  Nexus  
  136  21:43  Assimilator  
  136  21:45  Assimilator  
  133  21:50  Pylon  
  133  21:53  Zealot  
  135  21:54  Zealot, Pylon  
  135  21:55  Zealot  
  135  21:57  Zealot, Pylon  
  135  21:58  Zealot  
  143  22:01  Zealot  
  143  22:04  Zealot  
  143  22:08  Zealot  
  149  22:16  Tempest  
  153  22:23  Zealot  
  153  22:24  Zealot  
  157  23:00  Shield Battery  
  157  23:02  Shield Battery  
  157  23:05  Photon Cannon  
  141  23:06  Photon Cannon  
  141  23:07  Tempest, Photon Cannon  
  141  23:09  Photon Cannon  
  145  23:33  Photon Cannon  
  145  23:34  Photon Cannon  
  145  23:36  Photon Cannon  
  145  23:38  Photon Cannon  
  141  23:44  Dark Templar  
  141  23:45  Zealot  
  141  23:47  Zealot x2  
  149  23:48  Zealot  
  149  23:49  Zealot  
  149  23:53  Zealot  
  131  24:13  Dark Templar  
  131  24:15  Dark Templar  
  131  24:16  Void Ray x2, Dark Templar  
  127  25:01  Nexus  
  127  25:04  Pylon x2  
  127  25:07  Pylon  
  127  25:09  Assimilator x2  
  121  25:29  Dark Templar  
  121  25:31  Dark Templar  
  121  25:32  Dark Templar  
Tags
 
Matchup
PvT
Replay Pack
DaveSC2
Spawn Locations
Cross Positions
Add a new tag
Caveats
  • Supply blocks, unpowered buildings, or Contaminate may cause inaccurate times.
  • Supply counts are checked every 10 seconds.